Cogmind - Beta 17 @@@ ROGUE MODE // 2026.08.05 @ 21:21:29 Player: 4R-ZE3 Result: Destroyed by 81-R9U(R) with Subdweller Machine Gun Performance ------------- Evolutions (0) 0 Regions Visited (2) 400 Robots Destroyed (34) 170 Value Destroyed (681) 681 Prototype IDs (0) 0 Alien Tech Used (0) 0 Bonus (-13) -13 TOTAL SCORE: 1238 Bonus ------- Friendly Fire -13 Cogmind --------- Core Integrity 0/250 Matter 205/300 Energy 200/200 System Corruption 0% Temperature Cool (0) Movement Rolling (150) Ox4 Location -10/Subcaves Parts ------- > --- POWER (1) -------- Subdweller Power Source > --- PROPULSION (2) --- Subdweller Monowheel > --- UTILITY (2) ------ Huge Storage Unit > --- WEAPON (2) ------- Particle Gun > --- INVENTORY (25) --- Subdweller Optics Medium Laser Medium Laser Medium Laser Small Laser Small Laser Particle Gun Particle Gun Light Assault Rifle Subdweller Machine Gun Light Cannon Mining Laser Peak State ------------ > --- POWER ------------ Subdweller Power Source > --- PROPULSION ------- Light Treads Subdweller Monowheel > --- UTILITY ---------- Improved Heat Sink Huge Storage Unit > --- WEAPON ----------- Particle Gun Particle Gun > --- INVENTORY -------- Subdweller Optics Medium Laser Medium Laser Medium Laser Small Laser Small Laser Particle Gun Particle Gun Light Assault Rifle Subdweller Machine Gun Light Cannon Mining Laser [Rating: 14] Favorites ----------- Power Ion Engine Engine Ion Engine Propulsion Light Treads Treads Light Treads Wheel Subdweller Monowheel Utility Huge Storage Unit Device Structural Scanner Storage Huge Storage Unit Weapon Small Laser Energy Gun Small Laser Ballistic Gun Light Assault Rifle Launcher Subdweller Shrapnel Launcher Build | -11 -10 -10 ------- Run | Yrd Mat Sub Slots Evolved . | . . . Power . | . . . Propulsion . | . . . Utility . | . . . Weapon . | . . . Parts Attached 22 | 7 7 8 Power 4 | 1 2 1 Engine 4 | 1 2 1 Core . | . . . Reactor . | . . . Propulsion 5 | 2 2 1 Treads 4 | 2 2 . Leg . | . . . Wheel 1 | . . 1 Hover . | . . . Flight . | . . . Utility 4 | 1 2 1 Device 2 | . 1 1 Storage 2 | 1 1 . Processor . | . . . Hackware . | . . . Protection . | . . . Artifact . | . . . Weapon 9 | 3 1 5 Energy Gun 4 | 2 . 2 Energy Cannon . | . . . Ballistic Gun 4 | 1 1 2 Ballistic Cannon . | . . . Launcher 1 | . . 1 Special Weapon . | . . . Impact Weapon . | . . . Slashing Weapon . | . . . Piercing Weapon . | . . . Special Melee Weapon . | . . . Unidentified Prototypes . | . . . Parts Lost 14 | . 3 11 Power 3 | . 1 2 Propulsion 4 | . 1 3 Utility 2 | . . 2 Weapon 5 | . 1 4 Highest Loss Streak 5 | . 2 5 To Critical Strikes . | . . . Average Backups 10 | . 8 14 Power . | . . . Propulsion . | . 1 . Utility 1 | . . 1 Weapon 8 | . 6 12 Tool/Special . | . . . Unused Backups 10 | . . 10 Power . | . . . Propulsion . | . . . Utility 1 | . . 1 Weapon 9 | . . 9 Tool/Special . | . . . Average Slot Usage (%) 97 | . 95 98 Engine 13 | . 13 13 Treads 25 | . 26 24 Wheel 1 | . . 3 Device 12 | . 12 13 Storage 14 | . 14 14 Energy Gun 13 | . 13 13 Ballistic Gun 13 | . 14 13 Peak Build Rating 14 | 6 9 14 Average Rating 8 | 4 7 10 On Entrance 5 | . 6 9 Avg Prop Armor Cover (%) 14 | . . 14 Naked Turns . | . . . Heaviest Build 95 | 13 89 95 Greatest Support 40 | 40 40 40 Greatest Overweight (x) 27 | . 27 4 Average Overweight (x) 2 | . 1 2 Largest Inventory Capacity 25 | 8 25 25 Average Capacity 23 | 6 22 25 Most Carried 17 | 2 14 17 Average Carried 11 | . 8 14 Final Capacity 25 | 8 25 25 Final Carried 14 | 1 14 12 Class Distribution -------------------- 89% | Mutant 10% | Scavenger-Mutant Dominant Class ---------------- Mutant | -10/Materials Mutant | -10/Subcaves Resources | -11 -10 -10 ----------- Run | Yrd Mat Sub Matter Collected 648 | 194 269 185 Remotely . | . . . Salvage Created 935 | . 769 166 Parts 63 | . 48 15 Haulers Intercepted 2 | . 2 . Recyclers Shooed 2 | . 2 . Parts Field Recycled . | . . . Retrieved Matter . | . . . Parts Self-Destructed . | . . . Prevented . | . . . Parts Restored . | . . . Kills | -11 -10 -10 ------- Run | Yrd Mat Sub Combat Hostiles Destroyed 25 | . 17 8 Guns 20 | . 17 3 AOE 5 | . . 5 Classes Destroyed 8 | . 6 2 Tunneler 2 | . 2 . Hauler 2 | . 2 . Recycler 2 | . 2 . Operator 1 | . 1 . Turret 2 | . . 2 Swarmer 13 | . 9 4 Grunt 8 | . 8 . Subdweller 4 | . . 4 Best Kill Streak 6 | . 6 6 Combat Bots Only 5 | . 5 5 Max Kills in Single Turn 2 | . 2 2 Gunslinging . | . . . Exploded 2 | . . 2 Melee . | . . . Uniques/NPCs Destroyed . | . . . Combat | -11 -10 -10 -------- Run | Yrd Mat Sub Hostile Shots Fired 165 | . 91 74 Missed 44 | . 26 18 Hits 121 | . 65 56 Projectile 121 | . 65 56 Critical Strikes 2 | . 1 1 Damage Taken 1596 | . 687 909 Core 254 | . 61 193 Absorbed by Shields . | . . . Core Remaining (%) 100 | 100 . . Volleys Fired 82 | . 54 28 Largest 2 | . 2 2 Hottest 130 | . 60 130 Shots Fired 156 | . 108 48 Gun 149 | . 108 41 Cannon . | . . . Launcher 7 | . . 7 Special . | . . . Kinetic 86 | . 54 32 Thermal 70 | . 54 16 Explosive . | . . . Electromagnetic . | . . . Robot Hit Streak 17 | . 17 13 Robot Miss Streak 4 | . 3 4 Penetration Max . | . . . Secondary Targets 2 | . 1 1 Max Gunslinging Chain 1 | . 1 1 Shots Hit Robots 102 | . 73 29 Core Hits 54 | . 37 17 Critical Kills . | . . . Critical Parts Destroyed . | . . . Critical Strikes . | . . . Melee Attacks . | . . . Impact . | . . . Slashing . | . . . Piercing . | . . . Sneak Attacks . | . . . Combat Hostiles . | . . . Follow-up Attacks . | . . . Damage Inflicted 1758 | . 871 887 Guns 1268 | . 871 397 Cannons . | . . . Explosions 490 | . . 490 Melee . | . . . Ramming . | . . . Kinetic 1108 | . 422 686 Thermal 650 | . 449 201 Explosive . | . . . Electromagnetic . | . . . Impact . | . . . Slashing . | . . . Piercing . | . . . Highest Corruption . | . . . Average Corruption . | . . . Corruption Purged . | . . . Corruption Blocked . | . . . Overload Shots . | . . . Overflow Damage 5 | . . 5 Projectiles . | . . . Explosions 5 | . . 5 Melee . | . . . Knockbacks . | . . . Impact . | . . . Kinetic . | . . . Secondary . | . . . Self-Inflicted Damage 96 | . . 96 Shots 2 | . . 2 Rammed . | . . . Targets Rammed . | . . . Kicked . | . . . Crushed . | . . . Highest Temperature 78 | . 78 16 Average Temperature 25 | . 25 12 Received Heat Transfer 537 | . 282 255 Siege Activations . | . . . Martial Activations . | . . . Shielding Activations . | . . . Robots Disrupted . | . . . Combat Hostiles . | . . . Robots Corrupted . | . . . Combat Hostiles . | . . . Parts Fried . | . . . Impact Corruptions . | . . . Robots Melted . | . . . Combat Hostiles . | . . . Parts Melted 1 | . . 1 Heat Transferred 1469 | . 975 494 Parts Sabotaged . | . . . Parts Stolen . | . . . Parts Stripped . | . . . Power Chain Reactions . | . . . Alert | -11 -10 -10 ------- Run | Yrd Mat Sub Maximum Alert Level . | . . . Low Security (%) 100 | 100 100 . Level 1 . | . . . Level 2 . | . . . Level 3 . | . . . Level 4 . | . . . Level 5 . | . . . High Security . | . . . Max Security . | . . . Peak Influence 153 | . 153 . Initial . | . . . Average 81 | . 85 . Influence Increases 766 | . 496 270 Destroy 0b10 Robot/C 460 | . 340 120 Destroy 0b10 Robot/NC 35 | . 35 . Destroy Leader 74 | . 74 . Destroy Structure 2 | . 2 . Lose Combat Pursuer 195 | . 45 150 Influence Decreases 766 | . 484 282 Entered New Map 7 | . . 7 Time Decay 649 | . 454 195 Lost Part 110 | . 30 80 Squads Dispatched 3 | . 3 . Investigation 1 | . 1 . Extermination . | . . . Reinforcement 2 | . 2 . Assault . | . . . Garrison . | . . . Intercept . | . . . Searches Triggered . | . . . Construction Impeded . | . . . Haulers Reinforced . | . . . Active Scanning Responses . | . . . Cargo Convoy Interrupts . | . . . Stealth | -11 -10 -10 --------- Run | Yrd Mat Sub Distress Signals 4 | . 4 . Communications Jammed . | . . . Distress Signals . | . . . Times Spotted 44 | . 33 11 Peak Tracking Total 6 | . 6 2 Tactical Retreats 4 | . 2 2 Traps | -11 -10 -10 ------- Run | Yrd Mat Sub Traps Triggered 4 | . 4 . Indirectly . | . . . Trap Hack Attempts . | . . . Triggered . | . . . Disarmed . | . . . Reprogrammed . | . . . Reused . | . . . Traps Extracted . | . . . Installed . | . . . Triggered . | . . . Machines | -11 -10 -10 ---------- Run | Yrd Mat Sub Machines Disabled 3 | . . 3 Max in Single Turn 2 | . . 2 Machines Repaired . | . . . Machines Dismantled . | . . . Machines Sabotaged . | . . . Overloaded Fab Kills . | . . . Hacking | -11 -10 -10 --------- Run | Yrd Mat Sub Machines Accessed 4 | . 4 . Terminals 3 | . 3 . Fabricators . | . . . Repair Stations . | . . . Recycling Units 1 | . 1 . Scanalyzers . | . . . Garrison Access . | . . . Total Hacks 9 | . 9 . Successful 2 | . 2 . Failed 7 | . 7 . Catastrophic 2 | . 2 . Database Lockouts . | . . . Manual 3 | . 3 . Terminals 7 | . 7 . Fabricators . | . . . Repair Stations . | . . . Recycling Units 2 | . 2 . Scanalyzers . | . . . Garrison Access . | . . . Terminal Hacks 2 | . 2 . Robot Analysis 2 | . 2 . Fabricator Hacks . | . . . Repair Station Hacks . | . . . Recycling Unit Hacks . | . . . Scanalyzer . | . . . Garrison Access Hacks . | . . . Unauthorized Hacks . | . . . Terminals . | . . . Fabricators . | . . . Repair Stations . | . . . Recycling Units . | . . . Scanalyzers . | . . . Garrison Access . | . . . Data Cores Recovered . | . . . Used . | . . . Hacking Detections 4 | . 4 . Full Trace Events . | . . . Feedback Events . | . . . Feedback Blocked . | . . . Robot Schematics Acquired . | . . . Robots Built . | . . . Authchips . | . . . Time . | . . . Total Robot Build Rating . | . . . Part Schematics Acquired . | . . . Parts Built . | . . . Authchips . | . . . Time . | . . . Total Part Build Rating . | . . . Part Studies Acquired . | . . . Parts Repaired . | . . . Time . | . . . Parts Recycled . | . . . Recycled Matter . | . . . Retrieved Matter . | . . . Retrieved Components . | . . . Parts Scanalyzed . | . . . Part Schematics Acquired . | . . . Parts Damaged . | . . . Bothacking | -11 -10 -10 ------------ Run | Yrd Mat Sub Used RIF Installer . | . . . Robots Hacked . | . . . Non-combat . | . . . Combat . | . . . Robot Hacks Applied . | . . . Relay Couplers Released . | . . . Fabnet Peak Effective % . | . . . Robots Rewired . | . . . Allies Hacked . | . . . Hacks Repelled . | . . . Allies | -11 -10 -10 -------- Run | Yrd Mat Sub Total Allies . | . . . Largest Group . | . . . Highest-Rated Group . | . . . Highest-Rated Ally . | . . . Total Orders . | . . . Ally Attacks . | . . . Total Damage . | . . . Kills . | . . . Allies Corrupted . | . . . Allies Melted . | . . . Intel | -11 -10 -10 ------- Run | Yrd Mat Sub Active Infowar (turns) 1928 | . 1157 771 Structural 1928 | . 1157 771 Robot Analysis Total 2 | . 2 . Derelict Logs Recovered 1 | . . 1 Drone Launches . | . . . Drone Recoveries . | . . . Exploration | -11 -10 -10 ------------- Run | Yrd Mat Sub Turns Passed 2459 | 68 1306 1085 Spaces Moved 774 | 38 330 406 Core 5 | 4 1 . Treads 588 | 34 329 225 Legs . | . . . Wheels 181 | . . 181 Hover . | . . . Flight . | . . . Fastest Speed 50 | 50 160 150 Average Speed 255 | 148 281 245 Slowest Speed 1400 | 160 1400 480 Overloaded Moves . | . . . Propulsion Burnouts . | . . . Robots Hopped . | . . . Potential Cave-ins . | . . . Cave-ins Triggered . | . . . Exploration Rate (%) 40 | 3 78 39 Regions Visited 2 Branch Regions 1 Pre-discovered Areas 2 | . . 2 Known Exits Taken . | . . . Unknown Exits Taken 2 | 1 1 . Scrap Searched 2 | . . 2 Spaces Dug . | . . . Terrain Destroyed 94 | . . 94 Melee . | . . . Projectile 1 | . . 1 AOE 93 | . . 93 Terrain Rammed . | . . . Walls Destroyed . | . . . Machines Disabled . | . . . Actions | -11 -10 -10 --------- Run | Yrd Mat Sub Total 1098 | 47 603 448 Wait 186 | . 186 . Move 772 | 37 329 406 Hop . | . . . Pick Up 23 | 2 17 4 Fast Attach 16 | 6 8 2 Attach 11 | 1 4 6 Detach . | . . . Swap 5 | . 3 2 Drop 3 | 1 2 . Fire 82 | . 54 28 Melee . | . . . Ram . | . . . Kick . | . . . Crush . | . . . Escape Stasis . | . . . Rewire . | . . . Trap . | . . . Miscellaneous . | . . . Route ------- -11/Scrapyard -10/Materials (discovered 6 exits: [*Mat x3] / [*Min x2] / [*Sub]) -10/Subcaves (discovered 1 exit: [*Rec]) History --------- Turn | Location | Event 2 | -11/Scrapyard | Met Revision 17 11 | -11/Scrapyard | Discovered new exit (range 15) 69 | -11/Scrapyard | Entered Materials 302 | -10/Materials | Build established: Mutant 325 | -10/Materials | Discovered new exit (range 13) 435 | -10/Materials | Discovered new exit (range 15) 628 | -10/Materials | Discovered new exit (range 16) 991 | -10/Materials | Discovered new exit (range 5) 1004 | -10/Materials | Discovered new exit (range 6) 1066 | -10/Materials | Discovered new exit (range 14) 1375 | -10/Materials | Entered Subcaves 1376 | -10/Subcaves | Approached by a straggling Scientist 1559 | -10/Subcaves | Learned location of Zion (-6) 1851 | -10/Subcaves | Discovered new exit (range 13) 1862 | -10/Subcaves | Core integrity fell below 50% 1886 | -10/Subcaves | Lost 3 parts (1p1n1w) 2003 | -10/Subcaves | Met a Zionite searching for "candidates" 2155 | -10/Subcaves | Core integrity fell below 20% 2202 | -10/Subcaves | Lost 5 parts (1p1n1u2w) 2460 | -10/Subcaves | Destroyed by 81-R9U(R) with Subdweller Machine Gun Last Messages --------------- down. 02041_ Subatomizers dissect the Lgt. Ion Engine. 02146_ Structural Scanner destroyed. 02150_ Sub. Machine Gun destroyed. 02153_ Lgt. Assault Rifle destroyed. 02161_ Sub. Optics melted. 02161_ 1J-ZDT(R) destroyed. 02161_ Switching to secondary target: YK-9T5(R). 02165_ Lgt. Treads destroyed. 02171_ Lgt. Ion Engine destroyed. 02173_ YK-9T5(R) destroyed. 02176_ Acquired 50 matter. 02186_ Acquired Sub. Monowheel. 02189_ Acquired Sub. Power Source. 02193_ Acquired 29 matter. 02354_ 84-MAC(u) tweaks Twisted Machinery. 02443_ Imp. Heat Sink destroyed. 02444_ Particle Gun destroyed. 02458_ Lgt. Treads destroyed. Map ----- +----------------------------------------------------+ | | | | | ?????????????????????????????????????????????????? | | ?????????????????????????????????????????????????? | | ?????????????????????????????????????????????????? | | ?????????????????????????????????????????????????? | | ?????????????????????????????????????????????????? | | ?????????????????????????????????????????????????? | | ?????????????????????????????????????????????????? | | ?????????????????????????????????????????????????? | | ?????????????????????????????????????????????????? | | ?????????????????????????????????????????????????? | | ?????????????????????????????????????????????????? | | ?????????????????????????????????????????????????? | | ?????????????????????????????????????????????????? | | ?????????????????????????????????????????????????? | | ?????????????????????????###?????????????????????? | | ?????????????????##????## ?????????????????????? | | ?????????????###?# ?### ?????????????????????? | | ?????????????# # ## ??????????????????????? | | ??????????????? ??????????????????????? | | ????????????????? ??????????????? ???? | | ??????????????????# ??????????????? ???? | | ???????????????????# #??????????????? ???? | | ????????????????????# #######????????? ???? | | ?????????????????????# @ ## #?#####??? #???? | | ????????????????????## ##? #??? ####? | | ????????????????????# ## #??# #? | | ????????????? " R #? ### #? | | ?????????????" " ###### #?# #? | | ???????????? ## # " ?????# ##?# ## | | ?????????????????#?# "###??# #### | | ?????????????????? " """""?## | | ????????????????# "" """ ## | | ???????????????# " " "" | | ???????????????"" R " " ###### # | | ????????????????" ?? """ ########## #? | | ???????????????? ???" " "" ##### ## | | ?????????????????????? " """ ### ## | | ?????????????????????? """" " ## ## ## | | ?????????????????????? ""##" ## ## #### | | ??????????????????????? "??## #??# | | ????????????????????????????## ##??## | | ?????????????????????????????### #????## | | ???????????????????????????????# #?????## | | ???????????????????????????????# ##?????# | | ???????????????????????????????## #####??????## | | ????????????????????????????????####??????????## | | ??????????????????????????????????????????????# | | ??????????????????????????????????????????????## | +----------------------------------------------------+ Best States ------------- Heat Dissipation 39 Energy Generation 15 Energy Capacity 250 Matter Stores 300 Matter Capacity 300 Sight Range 16 Terrain Scan Density 10 Evasion (%) 40 Recoil Reduction 2 Item Schematics ----------------- None Robot Schematics ------------------ None Fabricated ------------ Nothing Repaired ---------- Nothing Studied --------- None Alien Tech Used ----------------- None Achievements -------------- None Challenges ------------ None Game ------ Seed LatentLargeBiocell Manual? 0 Play Time 00:12:26 Cumulative 176.5 hours Start 2026.08.05 @ 21:12:32 End 2026.08.05 @ 21:21:29 Sessions 1 Manual Loads 0 Difficulty Rogue Special Mode None Game No. 188 Rogue 134 Adventurer 54 Explorer 0 Win Type - Total 8 Types 4/0/1/1/0/0/0/1/0/1 Lore% 66 Gallery% 58 Achievement% 55 Wizard Run 0 Options --------- Layout 1 ASCII 0 Keyboard 0 Movement Mouse Keybinds 1 Fullscreen 2 Font 32/Tamsyn Map View 50x35 Zoom Use 0% Tactical HUD 1 Map Filters NONE Filters NONE Steam 1 RUN: e79f1d0b-76d4-402a-86d9-d9c5702a8090